Map: Divergence LE

Players

Massa - Winner!

  • Race: Terran Terran
  • League: Gold
  • Spawn Location: 11:00

qqq - Winner!

  • Race: Zerg Zerg
  • League: Platinum
  • Spawn Location: 11:00

PomdApi

  • Race: Terran Terran
  • Spawn Location: 5:00

CasqueOuille

  • Race: Terran Terran
  • League: Bronze
  • Spawn Location: 5:00

VOD

Have the link to the VOD?

Description

Time

  • Played on: May 31, 2020, 2:50 p.m.
  • Length: 5:43
Show
View Real Time Build Order
Export as new Build Order

Massa Terran - Winner!

Build Orders:  

Get SALT Encoding   

  12  0:06  SCV  
  13  0:15  Supply Depot  
  13  0:18  SCV  
  14  0:30  SCV  
  15  0:39  Barracks  
  15  0:42  SCV  
  16  0:55  SCV  
  17  1:09  Supply Depot  
  17  1:14  SCV  
  17  1:18  Refinery  
  18  1:28  Barracks  
  18  1:29  SCV  
  19  1:34  Barracks, Marine  
  20  1:41  SCV  
  20  1:46  Supply Depot  
  21  1:53  SCV  
  22  2:01  Barracks  
  22  2:03  Marine  
  23  2:12  Orbital Command  
  23  2:15  Marine  
  24  2:20  Marine  
  25  2:26  Marine  
  26  2:33  Marine  
  27  2:38  Marine  
  27  2:43  Marine  
  29  2:51  Marine  
  30  2:52  Marine, Supply Depot  
  30  2:56  Marine  
  32  3:01  Marine  
  32  3:02  Supply Depot  
  33  3:08  Marine  
  33  3:10  Marine  
  35  3:14  Marine  
  35  3:19  Marine  
  37  3:26  Marine  
  37  3:28  Marine  
  37  3:37  Marine x2  
  38  3:44  Marine  
  38  3:46  Marine  
  40  3:55  Marine x2  
  40  4:01  SCV  
  40  4:02  Factory, Marine  
  44  4:04  Supply Depot  
  44  4:07  Marine  
  45  4:13  SCV, Marine x2  
  48  4:20  Marine  
  49  4:24  Marine  
  49  4:31  Marine  
  50  4:56  Marine x4  
  53  5:14  Marine x4  
Show
View Real Time Build Order
Export as new Build Order

qqq Zerg - Winner!

Build Orders: Hatch First 

Get SALT Encoding   

  12  0:06  Drone  
  13  0:08  Drone  
  14  0:37  Hatchery  
  13  0:55  Spawning Pool  
  11  1:09  Overlord  
  11  1:10  Drone  
  12  1:13  Drone  
  13  1:24  Extractor  
  12  1:29  Overlord  
  12  1:43  Queen  
  12  1:45  Zergling x2  
  15  1:52  Zergling x2  
  16  2:01  Drone  
  16  2:02  Drone  
  16  2:06  Zergling x2  
  19  2:10  Zergling x2  
  20  2:16  Drone  
  21  2:26  Metabolic Boost  
  21  2:28  Zergling x2  
  22  2:33  Drone  
  23  2:46  Queen  
  23  2:51  Drone  
  26  3:08  Drone  
  26  3:10  Drone  
  26  3:11  Drone  
  26  3:12  Zergling x6  
  32  3:19  Zergling x2  
  33  3:21  Drone  
  33  3:30  Zergling x4  
  35  3:40  Zergling x2  
  36  3:42  Overlord  
  36  3:48  Overlord  
  36  3:51  Overlord  
  36  4:01  Roach Warren  
  30  4:28  Zergling x10  
  30  4:29  Zergling x4  
  30  4:30  Drone x2, Zergling x2  
  39  5:10  Zergling x2  
  39  5:11  Zergling x10  
  39  5:12  Zergling x4  
Show
View Real Time Build Order
Export as new Build Order

PomdApi Terran 

Build Orders: 2 Factory, Mech 

Get SALT Encoding   

  12  0:04  SCV  
  13  0:16  SCV  
  14  0:35  Supply Depot  
  14  1:01  Barracks  
  14  1:03  SCV  
  15  1:08  Refinery  
  15  1:09  Refinery  
  15  1:15  SCV  
  16  1:27  SCV  
  17  2:01  Command Center  
  17  2:06  Marine  
  18  2:15  Orbital Command  
  18  2:23  Marine  
  19  2:41  Marine  
  20  2:46  SCV  
  21  2:58  SCV  
  21  2:59  Marine  
  22  3:08  Factory  
  22  3:17  Orbital Command, Marine  
  23  3:29  Factory  
  23  3:30  SCV  
  24  3:34  Factory  
  24  3:35  Marine  
  24  3:38  Orbital Command  
  25  3:42  SCV  
  26  3:54  Factory Tech Lab, SCV  
  27  4:06  SCV  
  24  4:28  Siege Tank  
  24  4:48  Marine  
  11  5:06  Marine  
Show
View Real Time Build Order
Export as new Build Order

CasqueOuille Terran 

Build Orders:  

Get SALT Encoding   

  12  0:00  SCV  
  13  0:13  SCV  
  14  0:25  SCV  
  15  0:29  Supply Depot  
  15  0:33  Refinery  
  15  0:51  SCV  
  15  0:56  Barracks  
  16  1:03  Refinery, SCV  
  17  1:17  SCV  
  18  1:32  SCV  
  19  1:33  Barracks  
  19  1:43  Reaper  
  21  1:47  Orbital Command  
  20  2:14  SCV  
  20  2:15  Reaper  
  22  2:20  Reaper  
  23  2:55  Supply Depot  
  23  2:56  Command Center  
  23  3:03  Barracks Tech Lab  
  23  3:08  Barracks Reactor, Factory  
  23  3:16  SCV  
  23  3:28  SCV  
  24  3:40  SCV  
  23  3:43  Marauder  
  23  3:45  Marine x2  
  27  3:52  SCV  
  28  3:58  Factory Tech Lab  
  28  4:05  SCV  
  29  4:12  Marauder, Marine x2  
  29  4:16  Siege Tank  
  37  4:17  SCV  
  33  4:25  Supply Depot  
  33  4:29  SCV, Barracks  
  33  4:30  Marine  
  31  4:40  Bunker  
  29  4:48  Siege Tank  
  26  5:04  SCV x2  
  24  5:10  Marine x3  
Tags
 
Add a new tag
Caveats
  • Supply blocks, unpowered buildings, or Contaminate may cause inaccurate times.
  • Supply counts are checked every 10 seconds.